General information
- name: BNet
- type: Ladder team game (AT/RT)
- host: Battle.net
- saver: France_unitlvr
map: SilverpineForest
- players: 6
- length: 34:30
- speed: Fast
- version: 1.27 W3XP
- replay type:

» download(262 KB)
Players
team 1 (winner)
blinnuit (
yellow | 110 APM | 3808 actions | 34:28)
5 Warden
2 Shadow Strike
3 Blink
5 Pandaren Brewmaster
3 Breath of Fire
2 Drunken Haze
» actions
| Assign group hotkey | 77 | |
| Basic commands | 37 | |
| Build / train | 85 | |
| Enter build submenu | 13 | |
| Enter hero's abilities submenu | 12 | |
| Give item / drop item | 15 | |
| Right click | 2364 | |
| Select / deselect | 621 | |
| Select group hotkey | 421 | |
| Use ability | 157 | |
3808 total
» units
| Wisp | 33 | |
| Druid of the Talon | 3 | |
36 total
» upgrades
| Well Spring | 1 | |
| Strength of the Wild | 3 | |
| Reinforced Hides | 4 | |
| Druid of the Talon Training | 2 | |
| Mark of the Talon | 1 | |
11 total
» buildings
| Altar of Elders | 1 | |
| Moon Well | 7 | |
| Tree of Ages | 1 | |
| Hunter's Hall | 1 | |
| Tree of Eternity | 1 | |
| Tree of Life | 1 | |
| Ancient of Wonders | 1 | |
| Ancient of Wind | 2 | |
15 total
» build order
00:20 Altar of Elders
00:28 Moon Well
01:23 Moon Well
03:12 Moon Well
05:07 Tree of Ages
07:02 Hunter's Hall
07:29 Tree of Eternity
10:53 Moon Well
10:54 Moon Well
10:55 Moon Well
10:59 Moon Well
11:48 Tree of Life
18:22 Ancient of Wonders
21:40 Ancient of Wind
21:41 Ancient of Wind
» items
| Staff of Teleportation | 2 | |
| Boots of Speed | 2 | |
| Lesser Clarity Potion | 2 | |
| Healing Salve | 1 | |
| Circlet of Nobility | 1 | |
| Pendant of Energy | 1 | |
| Orb of Lightning | 1 | |
| Staff of Sanctuary | 1 | |
| Staff of Preservation | 1 | |
| Pendant of Mana | 2 | |
| Hood of Cunning | 1 | |
| Orb of Venom | 1 | |
16 total
France_unitlvr (
purple | 130 APM | 4479 actions | 34:29)
6 Blademaster
2 Wind Walk
3 Critical Strike
1 Bladestorm
» actions
| Assign group hotkey | 14 | |
| Basic commands | 5 | |
| Build / train | 70 | |
| Enter build submenu | 60 | |
| Enter hero's abilities submenu | 6 | |
| Give item / drop item | 10 | |
| Remove unit from queue | 1 | |
| Right click | 3112 | |
| Select / deselect | 292 | |
| Select group hotkey | 652 | |
| Use ability | 257 | |
4479 total
» units
» upgrades
| Ranged Weapons | 2 | |
| Liquid Fire | 1 | |
| Reinforced Defenses | 1 | |
| Armor | 2 | |
6 total
» buildings
| Altar of Storms | 1 | |
| Orc Burrow | 3 | |
| War Mill | 1 | |
| Voodoo Lounge | 3 | |
| Watch Tower | 77 | |
| Stronghold | 1 | |
| Beastiary | 2 | |
| Fortress | 1 | |
| Great Hall | 3 | |
92 total
» build order
00:24 Altar of Storms
00:32 Orc Burrow
00:48 War Mill
01:11 Voodoo Lounge
02:07 Watch Tower
02:24 Watch Tower
02:51 Watch Tower
03:07 Watch Tower
03:42 Stronghold
04:06 Watch Tower
04:08 Watch Tower
05:22 Watch Tower
05:24 Orc Burrow
05:26 Orc Burrow
06:46 Beastiary
06:46 Beastiary
06:47 Fortress
06:50 Watch Tower
06:50 Watch Tower
07:29 Watch Tower
07:55 Watch Tower
07:56 Watch Tower
08:30 Great Hall
08:33 Great Hall
08:38 Watch Tower
08:38 Watch Tower
08:39 Watch Tower
08:40 Watch Tower
08:40 Watch Tower
08:41 Watch Tower
08:42 Watch Tower
08:42 Watch Tower
08:43 Watch Tower
08:43 Watch Tower
09:50 Watch Tower
09:54 Watch Tower
09:55 Watch Tower
10:04 Voodoo Lounge
10:08 Voodoo Lounge
11:11 Watch Tower
11:12 Watch Tower
11:12 Watch Tower
11:12 Watch Tower
12:39 Watch Tower
12:40 Watch Tower
12:56 Watch Tower
12:56 Watch Tower
12:57 Watch Tower
12:57 Watch Tower
13:33 Watch Tower
13:33 Watch Tower
13:34 Watch Tower
13:34 Watch Tower
13:44 Watch Tower
13:45 Watch Tower
13:46 Watch Tower
13:47 Watch Tower
15:20 Watch Tower
15:21 Watch Tower
17:38 Watch Tower
17:39 Watch Tower
17:40 Watch Tower
17:41 Watch Tower
17:57 Watch Tower
17:58 Watch Tower
17:58 Watch Tower
17:59 Watch Tower
18:00 Watch Tower
18:00 Watch Tower
18:57 Watch Tower
18:58 Watch Tower
24:14 Watch Tower
24:15 Watch Tower
29:09 Great Hall
29:12 Watch Tower
29:14 Watch Tower
29:17 Watch Tower
29:18 Watch Tower
29:19 Watch Tower
29:21 Watch Tower
29:21 Watch Tower
29:22 Watch Tower
29:23 Watch Tower
29:23 Watch Tower
29:24 Watch Tower
29:25 Watch Tower
29:25 Watch Tower
29:26 Watch Tower
30:15 Watch Tower
30:16 Watch Tower
33:58 Watch Tower
33:58 Watch Tower
» items
| Healing Salve | 4 | |
| Lesser Clarity Potion | 6 | |
| Boots of Speed | 1 | |
| Staff of Teleportation | 1 | |
| Orb of Lightning | 1 | |
| Claws of Attack +12 | 1 | |
| Helm of Valor | 1 | |
15 total
GurraBerg (
pink | 121 APM | 4160 actions | 34:28)
5 Archmage
3 Blizzard
2 Brilliance Aura
4 Blood Mage
2 Flame Strike
2 Siphon Mana
4 Pit Lord
2 Rain of Fire
2 Cleaving Attack
» actions
| Assign group hotkey | 426 | |
| Basic commands | 40 | |
| Build / train | 128 | |
| Enter build submenu | 107 | |
| Enter hero's abilities submenu | 13 | |
| Give item / drop item | 21 | |
| Right click | 1718 | |
| Select / deselect | 389 | |
| Select group hotkey | 1081 | |
| Use ability | 237 | |
4160 total
» units
| Peasant | 20 | |
| Dragonhawk Rider | 3 | |
23 total
» upgrades
| Masonry | 3 | |
| Lumber Harvesting | 2 | |
| Magic Sentry | 1 | |
| Sorceress Training | 2 | |
| Priest Training | 2 | |
| Swords | 3 | |
| Armor | 3 | |
| Cloud | 1 | |
17 total
» buildings
| Altar of Kings | 1 | |
| Farm | 4 | |
| Lumber Mill | 1 | |
| Scout Tower | 117 | |
| Arcane Tower | 10 | |
| Guard Tower | 44 | |
| Keep | 1 | |
| Arcane Vault | 3 | |
| Castle | 1 | |
| Town Hall | 1 | |
| Arcane Sanctum | 1 | |
| Gryphon Aviary | 1 | |
| Blacksmith | 1 | |
186 total
» build order
00:24 Altar of Kings
00:39 Farm
01:03 Farm
01:11 Lumber Mill
01:31 Scout Tower
01:33 Scout Tower
01:33 Scout Tower
01:36 Scout Tower
01:37 Scout Tower
02:00 Scout Tower
02:01 Scout Tower
02:07 Scout Tower
02:12 Arcane Tower
02:14 Scout Tower
02:17 Scout Tower
02:17 Scout Tower
02:18 Scout Tower
02:18 Scout Tower
02:27 Arcane Tower
02:38 Scout Tower
02:46 Scout Tower
02:47 Scout Tower
02:48 Guard Tower
03:07 Guard Tower
03:08 Guard Tower
03:11 Scout Tower
03:16 Guard Tower
03:19 Scout Tower
03:20 Scout Tower
03:47 Keep
04:00 Guard Tower
04:02 Scout Tower
04:03 Scout Tower
04:18 Guard Tower
04:21 Arcane Vault
04:23 Scout Tower
04:28 Scout Tower
04:40 Guard Tower
04:41 Scout Tower
04:43 Arcane Vault
05:18 Guard Tower
05:19 Scout Tower
05:22 Farm
05:35 Guard Tower
05:37 Scout Tower
05:38 Scout Tower
06:01 Guard Tower
06:24 Guard Tower
07:06 Castle
07:13 Guard Tower
07:29 Guard Tower
07:30 Scout Tower
07:32 Scout Tower
08:01 Arcane Tower
08:04 Guard Tower
08:54 Scout Tower
10:04 Town Hall
10:07 Scout Tower
10:08 Scout Tower
10:09 Scout Tower
10:10 Scout Tower
10:12 Scout Tower
10:47 Scout Tower
10:59 Arcane Tower
10:59 Guard Tower
11:00 Scout Tower
11:02 Guard Tower
11:05 Scout Tower
11:06 Scout Tower
11:07 Scout Tower
11:16 Arcane Tower
11:20 Scout Tower
11:21 Scout Tower
11:23 Scout Tower
11:23 Scout Tower
11:27 Guard Tower
11:29 Scout Tower
11:30 Scout Tower
11:31 Scout Tower
11:31 Scout Tower
11:38 Scout Tower
11:41 Arcane Sanctum
11:43 Arcane Tower
11:52 Guard Tower
11:55 Scout Tower
11:56 Scout Tower
11:56 Scout Tower
11:57 Scout Tower
12:07 Guard Tower
12:10 Scout Tower
12:11 Scout Tower
12:20 Guard Tower
12:29 Guard Tower
12:36 Arcane Vault
13:47 Scout Tower
13:48 Scout Tower
13:50 Scout Tower
13:51 Scout Tower
13:54 Guard Tower
13:56 Scout Tower
13:57 Scout Tower
13:59 Scout Tower
13:59 Scout Tower
14:02 Scout Tower
14:02 Scout Tower
14:03 Scout Tower
14:11 Guard Tower
14:13 Scout Tower
14:13 Scout Tower
14:16 Scout Tower
14:17 Scout Tower
14:18 Scout Tower
15:12 Guard Tower
15:17 Scout Tower
15:18 Scout Tower
15:20 Guard Tower
15:22 Guard Tower
15:24 Scout Tower
15:38 Guard Tower
15:40 Scout Tower
15:41 Scout Tower
15:45 Scout Tower
15:49 Scout Tower
15:49 Scout Tower
16:13 Scout Tower
16:13 Scout Tower
16:18 Scout Tower
16:19 Scout Tower
16:20 Scout Tower
16:46 Guard Tower
16:52 Guard Tower
17:07 Guard Tower
17:20 Guard Tower
17:28 Scout Tower
17:29 Scout Tower
17:30 Scout Tower
17:31 Scout Tower
17:31 Scout Tower
17:41 Scout Tower
17:46 Scout Tower
17:47 Scout Tower
17:48 Scout Tower
17:49 Guard Tower
17:54 Scout Tower
17:55 Scout Tower
17:56 Scout Tower
17:57 Scout Tower
17:57 Scout Tower
17:58 Scout Tower
17:59 Scout Tower
18:02 Scout Tower
18:02 Scout Tower
18:03 Scout Tower
18:27 Guard Tower
18:30 Scout Tower
18:31 Scout Tower
19:25 Guard Tower
19:28 Scout Tower
19:29 Scout Tower
19:30 Scout Tower
19:38 Arcane Tower
19:39 Guard Tower
19:42 Scout Tower
19:43 Scout Tower
19:59 Guard Tower
20:01 Scout Tower
20:02 Scout Tower
20:04 Scout Tower
20:06 Arcane Tower
20:11 Scout Tower
20:14 Scout Tower
20:15 Scout Tower
20:29 Arcane Tower
20:31 Guard Tower
20:33 Scout Tower
20:42 Gryphon Aviary
20:47 Blacksmith
20:57 Guard Tower
20:57 Guard Tower
21:05 Arcane Tower
21:09 Guard Tower
22:18 Guard Tower
22:31 Guard Tower
22:44 Farm
22:52 Guard Tower
22:56 Guard Tower
» items
| Boots of Speed | 3 | |
| Staff of Teleportation | 3 | |
| Orb of Lightning | 3 | |
| Staff of Sanctuary | 3 | |
| Healing Salve | 1 | |
| Legion Doom-Horn | 1 | |
| Khadgar's Gem of Health | 1 | |
| Talisman of Evasion | 1 | |
16 total
team 2 (loser)

»
Miecio777 (
red | 67 APM | 2303 actions | 34:17)
4 Archmage
2 Blizzard
2 Brilliance Aura
3 Firelord
2 Summon Lava Spawn
1 Soul Burn
» actions
| Assign group hotkey | 7 | |
| Basic commands | 2 | |
| Build / train | 115 | |
| Enter build submenu | 41 | |
| Enter hero's abilities submenu | 9 | |
| Give item / drop item | 2 | |
| Remove unit from queue | 5 | |
| Right click | 1112 | |
| Select / deselect | 720 | |
| Select group hotkey | 184 | |
| Use ability | 106 | |
2303 total
» units
| Peasant | 23 | |
| Rifleman | 9 | |
| Dragonhawk Rider | 6 | |
| Gryphon Rider | 6 | |
| Siege Engine | 6 | |
| Flying Machine | 1 | |
51 total
» upgrades
| Gunpowder | 3 | |
| Armor | 3 | |
| Lumber Harvesting | 1 | |
| Long Rifles | 1 | |
| Cloud | 1 | |
| Barrage | 1 | |
| Swords | 2 | |
| Plating | 1 | |
| Animal War Training | 1 | |
| Masonry | 3 | |
17 total
» buildings
| Altar of Kings | 1 | |
| Farm | 15 | |
| Barracks | 1 | |
| Scout Tower | 9 | |
| Blacksmith | 1 | |
| Arcane Tower | 1 | |
| Lumber Mill | 1 | |
| Arcane Vault | 1 | |
| Keep | 2 | |
| Town Hall | 1 | |
| Guard Tower | 6 | |
| Castle | 2 | |
| Gryphon Aviary | 2 | |
| Workshop | 2 | |
| Arcane Sanctum | 1 | |
46 total
» build order
00:06 Altar of Kings
00:14 Farm
01:00 Farm
01:36 Barracks
01:52 Farm
02:35 Scout Tower
02:50 Blacksmith
03:16 Arcane Tower
03:33 Lumber Mill
05:05 Farm
05:27 Arcane Vault
05:37 Keep
05:38 Keep
06:01 Farm
06:07 Scout Tower
07:22 Town Hall
07:45 Scout Tower
07:48 Farm
07:51 Farm
07:58 Farm
08:24 Scout Tower
08:46 Guard Tower
10:00 Castle
10:00 Castle
10:04 Guard Tower
10:53 Scout Tower
11:17 Gryphon Aviary
11:50 Guard Tower
11:54 Scout Tower
12:05 Gryphon Aviary
12:39 Farm
12:41 Farm
12:44 Farm
17:35 Farm
18:19 Workshop
18:48 Workshop
19:43 Farm
19:46 Farm
19:49 Scout Tower
20:41 Farm
20:46 Guard Tower
20:48 Scout Tower
21:11 Guard Tower
21:14 Scout Tower
21:36 Guard Tower
23:54 Arcane Sanctum
» items
| Lesser Clarity Potion | 3 | |
| Scroll of Regeneration | 4 | |
| Potion of Lesser Invulnerability | 2 | |
| Scroll of Protection | 2 | |
| Potion of Healing | 4 | |
| Scroll of Town Portal | 2 | |
| Orb of Fire | 2 | |
| Scroll of Healing | 1 | |
| Dust of Appearance | 1 | |
| Potion of Mana | 1 | |
22 total
rE)MiX (
teal | 55 APM | 1906 actions | 34:28)
3 Warden
2 Fan of Knives
1 Shadow Strike
» actions
| Basic commands | 6 | |
| Build / train | 91 | |
| Enter build submenu | 24 | |
| Enter hero's abilities submenu | 3 | |
| Right click | 1296 | |
| Select / deselect | 439 | |
| Use ability | 47 | |
1906 total
» units
| Wisp | 25 | |
| Archer | 10 | |
| Huntress | 2 | |
| Hippogryph | 3 | |
| Chimaera | 37 | |
77 total
» upgrades
| Strength of the Wild | 3 | |
| Reinforced Hides | 3 | |
| Corrosive Breath | 1 | |
7 total
» buildings
| Altar of Elders | 1 | |
| Moon Well | 8 | |
| Ancient of War | 1 | |
| Tree of Ages | 1 | |
| Ancient of Wonders | 1 | |
| Tree of Eternity | 1 | |
| Hunter's Hall | 1 | |
| Ancient of Wind | 2 | |
| Chimaera Roost | 3 | |
| Tree of Life | 1 | |
20 total
» build order
00:10 Altar of Elders
00:17 Moon Well
00:50 Ancient of War
01:35 Moon Well
02:31 Moon Well
02:53 Tree of Ages
03:56 Moon Well
04:13 Ancient of Wonders
04:54 Moon Well
05:26 Tree of Eternity
06:52 Hunter's Hall
08:56 Ancient of Wind
09:08 Ancient of Wind
10:21 Chimaera Roost
11:06 Chimaera Roost
13:56 Moon Well
16:16 Tree of Life
19:38 Chimaera Roost
22:50 Moon Well
23:57 Moon Well
» items
Shino_Hokage (
orange | 47 APM | 1624 actions | 34:21)
3 Demon Hunter
1 Immolation
2 Evasion
» actions
| Assign group hotkey | 57 | |
| Basic commands | 3 | |
| Build / train | 122 | |
| Enter build submenu | 42 | |
| Enter hero's abilities submenu | 3 | |
| Remove unit from queue | 2 | |
| Right click | 863 | |
| Select / deselect | 332 | |
| Select group hotkey | 148 | |
| Use ability | 51 | |
1624 total
» units
| Wisp | 56 | |
| Archer | 10 | |
| Huntress | 12 | |
| Chimaera | 26 | |
104 total
» upgrades
| Ultravision | 1 | |
| Reinforced Hides | 3 | |
| Strength of the Wild | 3 | |
| Corrosive Breath | 1 | |
8 total
» buildings
| Ancient of War | 1 | |
| Moon Well | 9 | |
| Altar of Elders | 1 | |
| Hunter's Hall | 1 | |
| Ancient of Wonders | 1 | |
| Tree of Ages | 1 | |
| Ancient Protector | 20 | |
| Tree of Life | 1 | |
| Ancient of Wind | 1 | |
| Tree of Eternity | 1 | |
| Ancient of Lore | 1 | |
| Chimaera Roost | 2 | |
40 total
» build order
00:12 Ancient of War
00:19 Moon Well
00:34 Altar of Elders
01:54 Moon Well
02:52 Moon Well
06:57 Hunter's Hall
07:01 Ancient of Wonders
07:13 Tree of Ages
07:39 Moon Well
08:09 Ancient Protector
08:19 Ancient Protector
11:11 Ancient Protector
12:05 Tree of Life
12:46 Moon Well
12:56 Moon Well
13:48 Moon Well
14:11 Ancient of Wind
16:31 Ancient Protector
16:36 Ancient Protector
17:36 Tree of Eternity
17:40 Ancient Protector
19:00 Ancient of Lore
19:19 Moon Well
19:25 Ancient Protector
19:27 Ancient Protector
19:30 Ancient Protector
19:32 Ancient Protector
19:35 Ancient Protector
19:37 Ancient Protector
19:40 Ancient Protector
20:03 Chimaera Roost
20:06 Chimaera Roost
20:24 Moon Well
20:49 Ancient Protector
20:53 Ancient Protector
21:13 Ancient Protector
21:17 Ancient Protector
25:37 Ancient Protector
25:40 Ancient Protector
25:46 Ancient Protector
Chat log
(00:08 / All) GurraBerg: sorry
(00:09 / All) GurraBerg: pp
(00:11 / All) GurraBerg: p for pizza
(00:18 / All) GurraBerg: pizza at door
(00:28 / All) rE)MiX: dont join a game
(00:31 / All) rE)MiX: if u can tplayu
(00:36 / All) GurraBerg: search TIMES noob
(00:42 / All) rE)MiX: baby dont cry
(00:43 / All) GurraBerg: we search 1 hour
(00:45 / All) GurraBerg: get hungry
(00:53 / All) rE)MiX: suck to be
(00:55 / All) rE)MiX: u
(03:02 / All) blinnuit: nice feed idiot
(03:03 / All) GurraBerg: i think you find it is andromath who it sucks to be
(15:44 / All) France_unitlvr: thanks for that
(17:12 / All) GurraBerg: noobs?
(17:16 / All) Shino_Hokage: first time
(17:18 / All) GurraBerg: guys we need pizza
(29:21 / All) Shino_Hokage: u guys play nwu ? :D
(29:28 / All) GurraBerg: we play ownu
(29:42 / All) Shino_Hokage: shame.. come naruto shit we rape u
(29:50 / All) Shino_Hokage: :D
(30:04 / All) GurraBerg: i doubt it, you're too dumb to defeat immobile towers
(30:12 / All) GurraBerg: most likely you're too dumb for other games as well
(30:16 / All) Shino_Hokage: try then
(30:20 / All) France_unitlvr: lol
(30:29 / All) France_unitlvr: are you guys ok
(31:36 / All) France_unitlvr: whats naruto
(31:53 / All) Shino_Hokage: and u call us dumb :S
(31:57 / All) France_unitlvr: please tell me
(31:58 / All) Shino_Hokage: rly man wtf
(32:08 / All) Shino_Hokage: google it smart ass
(32:08 / All) France_unitlvr: WHAT IS NARUTO
(32:52 / All) GurraBerg: peace NERD
(33:01 / All) GurraBerg: how did you lose your warden when you have a tp...
(33:18 / All) rE)MiX: cuz u too good
(33:21 / All) France_unitlvr: whhat
(33:21 / All) France_unitlvr: is
(33:22 / All) France_unitlvr: naruto
(33:30 / All) France_unitlvr: tell me now
(34:09 / All) Shino_Hokage: come [ENT] NWU -sdsm #45
(34:12 / All) France_unitlvr: nop
(34:13 / All) Miecio777: gg
(34:14 / All) Shino_Hokage: and your see :D